[Event "Early Titled Tuesday Blitz | February 8 2022"]
[White "Kucuksari, Kaan"]
[Black "Guliev, Logman"]
[WhiteFideId "6380166"]
[BlackFideId "13400061"]
[WhiteElo "2305"]
[BlackElo "2128"]
[Result "1/2-1/2"]
[Round "07"]
[TimeControl "180+1"]
[Date "2022.02.08"]
[WhiteClock "0:00:10"]
[BlackClock "0:00:05"]

1. d4 Nf6 2. c4 e6 3. Nf3 Bb4+ 4. Bd2 c5 5. g3 O-O 6. Bg2 Nc6 7. O-O Bxd2 8. Qxd2 d5 9. dxc5 dxc4 10. Qxd8 Rxd8 11. Na3 Ne4 12. Nxc4 Nxc5 13. Rfd1 Bd7 14. Nd6 Be8 15. Rac1 Na4 16. b3 Nb6 17. Nxb7 Rxd1+ 18. Rxd1 Rb8 19. Nc5 Nb4 20. Rd2 Rc8 21. Nd3 Nxd3 22. Rxd3 Rc1+ 23. Bf1 Kf8 24. Rd2 Ke7 25. Nd4 Nd5 26. Rc2 Ra1 27. e4 Nb4 28. Rc7+ Kf6 29. Kg2 Rxa2 30. Bc4 e5 31. Nf5 Rd2 32. Rxa7 g6 33. Nh6 Nd3 34. Ng4+ Kg7 35. Bxd3 Rxd3 36. Nxe5 Rxb3 37. Nc4 Bc6 38. Nd6 Rd3 39. Rxf7+ Kg8 40. Rf6 Kg7 41. Re6 Rd4 42. f3 Rd2+ 43. Kg1 h5 44. Nf5+ gxf5 45. Rxc6 fxe4 46. fxe4 Re2 47. Re6 Kf7 48. Re5 h4 49. gxh4 Kf6 50. Rf5+ Kg6 51. Rf4 Kh5 52. Kf1 Rxh2 53. e5 Rb2 54. e6 Rb5 55. Re4 Rb8 56. e7 Re8 57. Kf2 Kg6 58. Kg3 Kf6 59. h5 Rxe7 60. Ra4 Kg7 61. Kh4 Kh7 62. Rg4 Rc7 63. Rf4 Rb7 64. Rf5 Ra7 65. Kg5 Rb7 66. Rf6 Rc7 67. Rh6+ Kg7 68. Rg6+ Kh7 69. Kf6 Rc6+ 70. Kf7 Rc7+ 71. Kf6 Rc6+ 72. Kf5 Rc5+ 73. Kg4 Rc4+ 74. Kh3 Rb4 75. Rf6 Rc4 76. Rg6 1/2-1/2


[Site "https://www.chess.com"]

[Event "Early Titled Tuesday Blitz | February 8 2022"]
[White "Kukula, Pawel"]
[Black "Mayaud, Raphael"]
[WhiteFideId "1115081"]
[BlackFideId "627151"]
[WhiteElo "2203"]
[BlackElo "2191"]
[Result "1-0"]
[Round "07"]
[TimeControl "180+1"]
[Date "2022.02.08"]
[WhiteClock "0:01:15"]
[BlackClock "0:00:13"]

1. Nc3 d5 2. e4 dxe4 3. Nxe4 Qd5 4. Nc3 Qa5 5. d4 c6 6. Bc4 Nf6 7. Nf3 Bf5 8. Bd2 e6 9. Qe2 Bb4 10. a3 Nbd7 11. O-O Bxc3 12. Bxc3 Qc7 13. Ne5 Nxe5 14. dxe5 Nd5 15. Bd2 h6 16. b4 Bg6 17. Bb3 O-O 18. c4 Ne7 19. f4 Rfd8 20. Be3 Bd3 21. Qf2 Bxf1 22. Rxf1 a5 23. Bb6 Qc8 24. bxa5 Rd3 25. Bc2 Rxa3 26. Qc5 Rc3 27. Bb1 Nf5 28. Qb4 Re3 29. Bxf5 Re2 30. Bd3 Ra2 31. Qb3 Rd2 32. Qc3 Ra2 33. Bb1 R2xa5 34. Bxa5 1-0


[Site "https://www.chess.com"]

[Event "Early Titled Tuesday Blitz | February 8 2022"]
[White "Kushagra, Mohan"]
[Black "Agasarov, Benik"]
[WhiteFideId "25033638"]
[BlackFideId "13314823"]
[WhiteElo "1886"]
[BlackElo "2591"]
[Result "1-0"]
[Round "07"]
[TimeControl "180+1"]
[Date "2022.02.08"]
[WhiteClock "0:00:36"]
[BlackClock "0:00:11"]

1. e4 e5 2. Nf3 Nc6 3. Bb5 Bc5 4. O-O Nd4 5. Nxd4 Bxd4 6. d3 c6 7. Ba4 Nf6 8. Nd2 d6 9. h3 O-O 10. Nf3 Bb6 11. c3 h6 12. Bc2 Nh5 13. Be3 Qf6 14. d4 Nf4 15. Bxf4 Qxf4 16. dxe5 dxe5 17. Qd2 Qf6 18. Qe2 Re8 19. Rad1 Qg6 20. Kh1 Qh5 21. Rd2 Bg4 22. Rd3 Rad8 23. Rfd1 Rxd3 24. Rxd3 Be6 25. Bb3 Bxb3 26. axb3 Qg6 27. Nh4 Qf6 28. Nf5 Bc5 29. Rd7 b5 30. Qf3 Qe6 31. Qg3 Bf8 32. Rxa7 g6 33. b4 Kh8 34. Ne3 Rd8 35. Qf3 Be7 36. Qg4 Qf6 37. Qg3 Kg8 38. Ng4 Qe6 39. Kh2 Bg5 40. Nxe5 Rf8 41. f4 Bf6 42. Nxg6 Bg7 43. Nxf8 Kxf8 44. Ra8+ Ke7 45. Qxg7 Qxe4 46. Qe5+ Qxe5 47. fxe5 Ke6 48. Rc8 Kd5 49. Rh8 Kxe5 50. Rxh6 Kd5 51. Rf6 c5 52. Rxf7 cxb4 53. cxb4 Kc4 54. h4 Kxb4 55. h5 Kb3 56. h6 Kxb2 57. h7 b4 58. h8=Q+ Ka2 59. Qf6 b3 60. Rb7 Ka3 61. Qc3 Ka2 62. Qxb3+ Ka1 63. Qb1# 1-0


[Site "https://www.chess.com"]

[Event "Early Titled Tuesday Blitz | February 8 2022"]
[White "Kuzmin, Roman"]
[Black "Toncheva, Nadya"]
[WhiteFideId "44134932"]
[BlackFideId "2924056"]
[WhiteElo "1978"]
[BlackElo "1920"]
[Result "1-0"]
[Round "07"]
[TimeControl "180+1"]
[Date "2022.02.08"]
[WhiteClock "0:00:22"]
[BlackClock "0:00:15"]

1. e4 c5 2. Nf3 Nc6 3. d4 cxd4 4. Nxd4 e6 5. Nc3 Qc7 6. Be3 a6 7. f4 Be7 8. Qd2 d6 9. Be2 Nf6 10. Bf3 O-O 11. g4 Nxd4 12. Bxd4 e5 13. Be3 exf4 14. Bxf4 Bxg4 15. Bxg4 Nxg4 16. O-O-O Ne5 17. Nd5 Qd8 18. Qg2 Bf6 19. Rhg1 Ng6 20. h4 Bxh4 21. Qg4 Re8 22. Be3 Qc8 23. Qf3 Qc6 24. Rdf1 Kh8 25. Bd4 f6 26. Rxg6 hxg6 27. Rh1 g5 28. Nxf6 Rf8 29. Qh5# 1-0


[Site "https://www.chess.com"]

[Event "Early Titled Tuesday Blitz | February 8 2022"]
[White "Lakshmi C"]
[Black "Manukian, Artak"]
[WhiteFideId "25035347"]
[BlackFideId "13301373"]
[WhiteElo "1775"]
[BlackElo "2416"]
[Result "1-0"]
[Round "07"]
[TimeControl "180+1"]
[Date "2022.02.08"]
[WhiteClock "0:00:17"]
[BlackClock "0:00:38"]

1. e4 c6 2. Nc3 d5 3. Nf3 dxe4 4. Nxe4 Nf6 5. Ng3 Bg4 6. h3 Bxf3 7. Qxf3 e5 8. Bc4 Nbd7 9. O-O Be7 10. Nf5 O-O 11. Bb3 Re8 12. Qg3 Nh5 13. Nh6+ Kf8 14. Qf3 Nhf6 15. Nxf7 Qb6 16. Ng5 Bc5 17. Qf5 Ke7 18. Nf7 Nd5 19. Nxe5 Nxe5 20. Qxe5+ Kd8 21. Qg5+ Kc8 22. c3 Bxf2+ 23. Kh1 Bc5 24. d4 Be7 25. Qg4+ Kd8 26. Bg5 Qc7 27. Bxd5 cxd5 28. Rf5 Qd7 29. Qf3 Bxg5 30. Rxg5 Kc7 31. Rxd5 Qe6 32. Qg3+ Kc6 33. Rc5+ Kb6 34. Qc7+ Ka6 35. Ra5# 1-0


[Site "https://www.chess.com"]

[Event "Early Titled Tuesday Blitz | February 8 2022"]
[White "Lauridsen, Jesper Morch"]
[Black "Murthy, Pappu"]
[WhiteFideId "1401890"]
[BlackFideId "2013401"]
[WhiteElo "2223"]
[BlackElo "1966"]
[Result "1-0"]
[Round "07"]
[TimeControl "180+1"]
[Date "2022.02.08"]
[WhiteClock "0:01:08"]
[BlackClock "0:00:11"]

1. e4 c5 2. Nf3 d6 3. d4 cxd4 4. Nxd4 Nf6 5. Nc3 g6 6. f3 Bg7 7. Be3 O-O 8. Qd2 Nc6 9. Bc4 Nxd4 10. Bxd4 Be6 11. Bb3 Qa5 12. O-O Rac8 13. Rad1 b5 14. Nd5 Qd8 15. Nxf6+ exf6 16. Bxa7 Bxb3 17. cxb3 Ra8 18. Bd4 Rxa2 19. Bc3 Qb6+ 20. Kh1 Rd8 21. b4 h5 22. Ra1 Rda8 23. Rxa2 Rxa2 24. Rd1 Kh7 25. h3 h4 26. Qxd6 Qxd6 27. Rxd6 Ra1+ 28. Kh2 Bh6 29. Rxf6 Be3 30. Rxf7+ Kh6 31. Bg7+ Kh5 32. g4+ hxg3+ 33. Kxg3 Rg1+ 34. Kh2 Rf1 35. Bf6 Rf2+ 36. Kg3 Rf1 37. Rh7+ Bh6 38. Bg7 Rg1+ 39. Kf2 1-0


[Site "https://www.chess.com"]

[Event "Early Titled Tuesday Blitz | February 8 2022"]
[White "Lazavik, Denis"]
[Black "Wagner, Dennis"]
[WhiteFideId "13515110"]
[BlackFideId "24650684"]
[WhiteElo "2436"]
[BlackElo "2355"]
[Result "1/2-1/2"]
[Round "07"]
[TimeControl "180+1"]
[Date "2022.02.08"]
[WhiteClock "0:00:05"]
[BlackClock "0:00:06"]

1. d4 Nf6 2. c4 e6 3. Nf3 d5 4. Nc3 Be7 5. Bg5 h6 6. Bxf6 Bxf6 7. e3 O-O 8. Rc1 dxc4 9. Bxc4 Nd7 10. O-O c5 11. Ne4 cxd4 12. Nxd4 Nb6 13. Nxf6+ Qxf6 14. Be2 e5 15. Nb5 Rd8 16. Qb3 Be6 17. Qb4 Nd5 18. Qa5 Qg6 19. Rfd1 a6 20. Nc3 b6 21. Qa3 Nxc3 22. Qxc3 Bd5 23. Bf1 Qe6 24. a3 Rac8 25. Qd2 Rxc1 26. Rxc1 Rd7 27. Rc8+ Kh7 28. Qc2+ f5 29. Bxa6 Bb3 30. Qc3 Rd1+ 31. Bf1 Qd5 32. h3 b5 33. e4 fxe4 34. Rc5 Rxf1+ 35. Kxf1 Bc4+ 36. Rxc4 bxc4 37. Kg1 Qd3 38. a4 Qd1+ 39. Kh2 Qxa4 40. Qxe5 Qc2 41. Qd4 Kh8 42. h4 Qd3 43. Qe5 Kh7 44. Qf5+ Kh8 45. Qc8+ Kh7 46. Qf5+ Kh8 47. Qc8+ Kh7 48. Qf5+ 1/2-1/2


[Site "https://www.chess.com"]

[Event "Early Titled Tuesday Blitz | February 8 2022"]
[White "Le Ruyet, Leopold"]
[Black "Derraugh, Geordie"]
[WhiteFideId "645923"]
[BlackFideId "2603950"]
[WhiteElo "2276"]
[BlackElo "2116"]
[Result "1-0"]
[Round "07"]
[TimeControl "180+1"]
[Date "2022.02.08"]
[WhiteClock "0:01:39"]
[BlackClock "0:00:01"]

1. d4 Nf6 2. c4 e5 3. dxe5 Ng4 4. Nf3 Bc5 5. e3 Nc6 6. Nc3 Ngxe5 7. Be2 O-O 8. O-O Nxf3+ 9. Bxf3 Ne5 10. Be2 d6 11. f4 Nc6 12. Kh1 Re8 13. e4 Nd4 14. Bd3 Qh4 15. f5 c6 16. Bf4 g6 17. Qd2 f6 18. Na4 g5 19. Bg3 Qh5 20. b4 Bb6 21. c5 dxc5 22. bxc5 Kg7 23. cxb6 axb6 24. Nxb6 Ra3 25. Nc4 Ra4 26. e5 Rd8 27. exf6+ Kxf6 28. Be5+ Kf7 29. Nd6+ Kg8 30. f6 1-0


[Site "https://www.chess.com"]

[Event "Early Titled Tuesday Blitz | February 8 2022"]
[White "Le, Tuan Minh"]
[Black "Kosteniuk, Alexandra"]
[WhiteFideId "12401153"]
[BlackFideId "4128125"]
[WhiteElo "2450"]
[BlackElo "2469"]
[Result "0-1"]
[Round "07"]
[TimeControl "180+1"]
[Date "2022.02.08"]
[WhiteClock "0:00:02"]
[BlackClock "0:00:41"]

1. d4 Nf6 2. Nf3 e6 3. Bg5 d5 4. e3 c5 5. c3 Nc6 6. Nbd2 Be7 7. Bd3 O-O 8. O-O Nd7 9. Bf4 f5 10. c4 g5 11. Bg3 f4 12. cxd5 exd5 13. exf4 gxf4 14. Qe2 fxg3 15. Qe6+ Kh8 16. Qh6 Nf6 17. Ng5 gxh2+ 18. Kh1 Qe8 19. Nxh7 Qh5 20. Qxh5 Nxh5 21. Nxf8 Bxf8 22. dxc5 Nf4 23. Bc2 Nd4 24. Bb3 Bxc5 25. Rae1 Bf5 26. Re5 Bd3 27. Rc1 Nxb3 28. axb3 Bxf2 29. Re7 Bg1 30. Nf3 Ne2 31. Rxg1 0-1


[Site "https://www.chess.com"]

[Event "Early Titled Tuesday Blitz | February 8 2022"]
[White "Ljukin, Sergei"]
[Black "Yanayt, Eugene"]
[WhiteFideId "14102200"]
[BlackFideId "2020165"]
[WhiteElo "2312"]
[BlackElo "2046"]
[Result "1-0"]
[Round "07"]
[TimeControl "180+1"]
[Date "2022.02.08"]
[WhiteClock "0:01:35"]
[BlackClock "0:00:02"]

1. e4 c5 2. Nf3 d6 3. d4 cxd4 4. Nxd4 Nf6 5. Nc3 g6 6. Be3 Bg7 7. f3 Nc6 8. Qd2 O-O 9. O-O-O d5 10. Kb1 Qd7 11. Nxc6 bxc6 12. e5 Ne8 13. f4 Nc7 14. h4 f6 15. h5 fxe5 16. fxe5 Bxe5 17. hxg6 hxg6 18. Bd4 Bxd4 19. Qxd4 Rf6 20. Bd3 Qg4 21. Qe3 Bf5 22. Qxe7 Rf7 23. Qe5 Rg7 24. Qd6 Re8 25. Qxc6 Bd7 1-0


[Site "https://www.chess.com"]

[Event "Early Titled Tuesday Blitz | February 8 2022"]
[White "Lopez Del Alamo, Antonio"]
[Black "Reprintsev, Alexander"]
[WhiteFideId "2227339"]
[BlackFideId "14100541"]
[WhiteElo "2082"]
[BlackElo "2126"]
[Result "0-1"]
[Round "07"]
[TimeControl "180+1"]
[Date "2022.02.08"]
[WhiteClock "0:01:42"]
[BlackClock "0:01:58"]

1. e4 d5 2. exd5 Qxd5 3. Nc3 Qa5 4. d4 Nf6 5. Nf3 Nc6 6. Bb5 Ne4 7. Bxc6+ bxc6 8. O-O Nxc3 9. bxc3 Bf5 10. Bd2 e6 11. Ne5 Bd6 12. f4 O-O 13. g4 Be4 14. Re1 f5 15. Rxe4 fxe4 16. c4 Qa4 17. c3 Qxd1+ 18. Rxd1 Bxe5 19. fxe5 Rf3 20. Re1 Rd3 21. Re2 Rb8 22. Kg2 Rb2 0-1


[Site "https://www.chess.com"]

[Event "Early Titled Tuesday Blitz | February 8 2022"]
[White "Lopez Gracia, Fernando"]
[Black "Gurevich, Dmitry"]
[WhiteFideId "2207184"]
[BlackFideId "2000407"]
[WhiteElo "2415"]
[BlackElo "2506"]
[Result "1-0"]
[Round "07"]
[TimeControl "180+1"]
[Date "2022.02.08"]
[WhiteClock "0:00:30"]
[BlackClock "0:00:01"]

1. c4 e6 2. Nf3 d5 3. d4 Nf6 4. g3 Be7 5. Bg2 O-O 6. O-O c6 7. Qc2 b6 8. Rd1 Na6 9. a3 Bb7 10. b4 Ne4 11. Nc3 f5 12. Ne5 Bf6 13. Nxc6 Bxc6 14. b5 Bxb5 15. cxb5 Nc7 16. a4 Rc8 17. Bb2 Ne8 18. Qb3 N8d6 19. f3 Nxc3 20. Bxc3 Nc4 21. Bb4 Be7 22. e4 fxe4 23. fxe4 Bxb4 24. Qxb4 Ne3 25. Rd2 Rc4 26. Qb3 Nxg2 27. Kxg2 Qf6 28. Qe3 h6 29. exd5 exd5 30. Re1 Rf7 31. Qe6 Qxe6 32. Rxe6 Rxa4 33. Re5 Rd7 34. h3 Rb4 35. h4 Rxb5 36. h5 a5 37. Rf2 Rd8 38. Re7 Rf8 39. Rfe2 Rf7 40. Re8+ Kh7 41. R2e6 a4 42. Ra8 Ra5 43. Rb8 a3 44. Ree8 g5 45. Rh8+ Kg7 46. Rbg8+ Kf6 47. Rxh6+ Kf5 48. Rhg6 g4 49. Rxg4 a2 50. Rf4+ Ke6 51. Rg6+ Ke7 52. Rxb6 Rxf4 53. Rb7+ Ke6 54. gxf4 Kf5 55. Rb6 1-0


[Site "https://www.chess.com"]

[Event "Early Titled Tuesday Blitz | February 8 2022"]
[White "Lucas, Arthur"]
[Black "Liyanage, Ranindu Dilshan"]
[WhiteFideId "26093073"]
[BlackFideId "9915834"]
[WhiteElo "2129"]
[BlackElo "1858"]
[Result "1-0"]
[Round "07"]
[TimeControl "180+1"]
[Date "2022.02.08"]
[WhiteClock "0:00:12"]
[BlackClock "0:00:12"]

1. e4 c5 2. Nf3 d6 3. d4 cxd4 4. Nxd4 Nf6 5. Nc3 a6 6. Be3 e5 7. Nb3 Be7 8. f3 Be6 9. Qd2 Nbd7 10. Nd5 Bxd5 11. exd5 O-O 12. O-O-O Rc8 13. Kb1 Nb6 14. Qa5 Nc4 15. Bxc4 Rxc4 16. Qxd8 Bxd8 17. Nd2 Rc8 18. Ne4 Ne8 19. g4 g6 20. g5 Be7 21. h4 f5 22. Nd2 b5 23. f4 Nc7 24. Nb3 e4 25. h5 Rfe8 26. hxg6 hxg6 27. Rh6 Kf7 28. Rh7+ Kg8 29. Rdh1 Bf8 30. Bd4 Nxd5 31. Bf6 Nxf4 32. Nd4 Nh5 33. R1xh5 gxh5 34. g6 Bg7 35. Rxg7+ Kf8 36. Rf7+ Kg8 37. Rh7 1-0


[Site "https://www.chess.com"]

[Event "Early Titled Tuesday Blitz | February 8 2022"]
[White "Madaminov, Mukhiddin"]
[Black "Borisova, Ekaterina"]
[WhiteFideId "14210703"]
[BlackFideId "34124184"]
[WhiteElo "1916"]
[BlackElo "2034"]
[Result "0-1"]
[Round "07"]
[TimeControl "180+1"]
[Date "2022.02.08"]
[WhiteClock "0:00:20"]
[BlackClock "0:00:04"]

1. d4 Nf6 2. Nc3 d5 3. Bf4 e6 4. Nb5 Na6 5. e3 c6 6. Nc3 Bd6 7. Bxa6 bxa6 8. Nf3 Rb8 9. Na4 Bxf4 10. exf4 Qa5+ 11. c3 c5 12. dxc5 Bd7 13. b4 Qxa4 14. O-O Qxd1 15. Rfxd1 Bb5 16. Nd4 Ne4 17. Rdc1 Ba4 18. a3 Nd2 19. Ra2 Nb3 20. Re1 Nxd4 21. cxd4 g6 22. f3 Ke7 23. Kf2 h5 24. Ke3 Rb5 25. Kd2 Bb3 26. Rb2 Bc4 27. Kc3 Rhb8 28. a4 R5b7 29. Reb1 h4 30. Ra1 Kf6 31. Rh1 Rh8 32. Rhb1 Kf5 33. b5 Kxf4 34. b6 axb6 35. Rxb6 Rxb6 36. cxb6 a5 37. Kd2 h3 38. gxh3 Kxf3 39. h4 Kg4 40. Ke3 Kxh4 41. Kf4 f6 42. Re1 g5+ 43. Kf3 e5 44. dxe5 fxe5 45. Rxe5 Rb8 46. Re6 Kh5 47. Rd6 Bb3 48. Kg3 Rb7 49. h3 Bxa4 50. Rxd5 Rxb6 51. Rxa5 Rb3+ 52. Kg2 Bc6+ 53. Kh2 Rb2+ 54. Kg1 Rg2+ 55. Kf1 Rh2 56. Rc5 Be4 57. Rc3 Kg6 58. Kg1 Rg2+ 59. Kf1 Kf5 60. Re3 Rh2 61. Kg1 Rh1+ 62. Kf2 Kf4 63. Ra3 Rh2+ 64. Kg1 Rb2 65. Ra4 Kg3 66. Kf1 Bf3 67. Ra5 Rb1# 0-1


[Site "https://www.chess.com"]

[Event "Early Titled Tuesday Blitz | February 8 2022"]
[White "Makarian, Rudik"]
[Black "Garriga Cazorla, Pere"]
[WhiteFideId "44105681"]
[BlackFideId "32011601"]
[WhiteElo "2486"]
[BlackElo "2458"]
[Result "1-0"]
[Round "07"]
[TimeControl "180+1"]
[Date "2022.02.08"]
[WhiteClock "0:00:32"]
[BlackClock "0:00:10"]

1. e4 c5 2. Nf3 d6 3. d4 cxd4 4. Nxd4 Nf6 5. Nc3 a6 6. Bg5 e6 7. Qd2 h6 8. Bxf6 Qxf6 9. O-O-O Bd7 10. f4 Nc6 11. Nb3 Qd8 12. g4 b5 13. a3 Be7 14. Bg2 Rc8 15. h4 b4 16. axb4 Nxb4 17. g5 a5 18. Kb1 a4 19. Nc1 Rb8 20. f5 Qb6 21. g6 fxg6 22. fxe6 Bxe6 23. Bh3 Bf7 24. Nxa4 Qb5 25. b3 O-O 26. Rhf1 Bf6 27. Rxf6 gxf6 28. Qxh6 Nc6 29. Rg1 Ne5 30. Nc3 Qc5 31. Nd5 Bxd5 32. Rxg6+ Kf7 33. exd5 Ke7 34. Rg7+ Rf7 35. Rxf7+ Nxf7 36. Qh5 Rh8 37. Qf5 Qd4 38. h5 Qe5 39. Qd7+ Kf8 40. Be6 Ng5 41. h6 Rxh6 42. Qd8+ Kg7 43. Qg8# 1-0


[Site "https://www.chess.com"]

[Event "Early Titled Tuesday Blitz | February 8 2022"]
[White "Mamontova, Anastasia"]
[Black "Sovetbekova, Nurai"]
[WhiteFideId "34100234"]
[BlackFideId "13801910"]
[WhiteElo "1933"]
[BlackElo "1545"]
[Result "0-1"]
[Round "07"]
[TimeControl "180+1"]
[Date "2022.02.08"]
[WhiteClock "0:00:21"]
[BlackClock "0:00:10"]

1. d4 Nf6 2. c4 g6 3. Nc3 d5 4. cxd5 Nxd5 5. e4 Nxc3 6. bxc3 Bg7 7. Nf3 c5 8. Be3 Qa5 9. Qd2 Nc6 10. Rc1 cxd4 11. cxd4 Qxd2+ 12. Kxd2 O-O 13. d5 Rd8 14. Bb5 e6 15. Bxc6 bxc6 16. Rxc6 exd5 17. exd5 Rxd5+ 18. Ke2 Bb7 19. Rc7 Ba6+ 20. Ke1 Rad8 21. Nd2 Ra5 22. Rc2 Bd3 23. Rc7 Rxa2 24. Rxa7 Ba6 25. f3 Bc3 26. Kf2 Bxd2 27. Bxd2 Raxd2+ 28. Kg3 Bc4 29. Re1 Be6 30. h4 h5 31. Rb7 Rc8 32. Ra7 Rcc2 33. Ra8+ Kg7 34. Rg1 Kf6 35. Ra5 Rd5 36. Rxd5 Bxd5 37. Rd1 Be6 38. Rd4 g5 39. Ra4 gxh4+ 40. Rxh4 Kg5 41. f4+ Kg6 42. Rh1 Bg4 43. Ra1 Rc3+ 44. Kh4 Kf5 45. g3 Rc2 46. Ra5+ Ke4 47. Re5+ Kf3 48. Kg5 Kxg3 49. f5 h4 50. Re3+ Bf3 51. Ra3 h3 52. Ra1 h2 53. Kf6 Bd5 54. Ke5 h1=Q 55. Rxh1 Bxh1 56. Kf6 Bd5 57. Kg7 Ba2 58. f6 Kf4 59. Kf8 Kg4 60. Ke7 Rc7+ 61. Kf8 Rc8+ 62. Kg7 Kf5 63. Kh7 Kxf6 64. Kh6 Rh8# 0-1


[Site "https://www.chess.com"]

[Event "Early Titled Tuesday Blitz | February 8 2022"]
[White "Manon-og, Ramon Jr."]
[Black "Shkapenko, Pavel"]
[WhiteFideId "5200776"]
[BlackFideId "4151933"]
[WhiteElo "2351"]
[BlackElo "2386"]
[Result "0-1"]
[Round "07"]
[TimeControl "180+1"]
[Date "2022.02.08"]
[WhiteClock "0:00:25"]
[BlackClock "0:00:32"]

1. e4 e5 2. Nf3 Nc6 3. Bc4 d6 4. O-O Bg4 5. c3 Qf6 6. d3 Bxf3 7. Qxf3 Qxf3 8. gxf3 g6 9. f4 Bh6 10. fxe5 Bxc1 11. Rxc1 Nxe5 12. Nd2 Nf6 13. d4 Nxc4 14. Nxc4 O-O-O 15. f3 d5 16. Nd2 Rhe8 17. e5 Nh5 18. Kf2 f6 19. Re1 Nf4 20. Re3 fxe5 21. dxe5 Rxe5 22. Rxe5 Nd3+ 23. Kg3 Nxe5 24. Re1 Nc6 25. Re6 Kd7 26. Re2 Re8 27. Rxe8 Kxe8 28. Kf4 Kf7 29. c4 dxc4 30. Nxc4 Kf6 31. h4 Ne7 32. Ne5 Ke6 33. Nd3 b6 34. Kg5 Kf7 35. Ne5+ Kg7 36. Kf4 Kf6 37. Ng4+ Ke6 38. Kg5 Nf5 39. h5 gxh5 40. Kxh5 Nd4 41. Nh2 Nf5 42. Kg5 c5 43. Ng4 c4 44. Nf6 h6+ 45. Kg6 Nh4+ 46. Kg7 Nxf3 47. Ne4 h5 48. Kh6 h4 49. Kh5 h3 50. Ng3 h2 51. Kg4 Ne5+ 52. Kh3 Nd3 53. Kxh2 Nxb2 54. Ne4 Ke5 55. Nc3 Kd4 56. Nb5+ Kd3 57. Kg2 c3 58. Nxc3 Kxc3 59. Kf2 Kb4 60. Ke2 Ka3 61. Kd2 Kxa2 62. Kc2 Ka3 63. Kc3 b5 64. Kc2 Na4 65. Kb1 b4 66. Ka1 b3 67. Kb1 Nc3+ 68. Ka1 b2# 0-1


[Site "https://www.chess.com"]

[Event "Early Titled Tuesday Blitz | February 8 2022"]
[White "Manukyan, Artyom"]
[Black "Begunov, Konstantin"]
[WhiteFideId "13305786"]
[BlackFideId "4118510"]
[WhiteElo "2034"]
[BlackElo "2262"]
[Result "1-0"]
[Round "07"]
[TimeControl "180+1"]
[Date "2022.02.08"]
[WhiteClock "0:00:19"]
[BlackClock "0:00:20"]

1. Nf3 d5 2. d4 c6 3. g3 Bg4 4. Bg2 Nd7 5. O-O e6 6. b3 f5 7. Bb2 Ngf6 8. c4 Bd6 9. Ne5 Bh5 10. Nd2 O-O 11. Rc1 Qe7 12. Ndf3 Ne4 13. Qd3 Rae8 14. a3 Nxe5 15. Nxe5 Bxa3 16. Bxa3 Qxa3 17. Ra1 Qb2 18. g4 fxg4 19. Bxe4 dxe4 20. Qxe4 a6 21. Qd3 Rd8 22. e3 g3 23. hxg3 Be2 24. Qb1 Qd2 25. Qc1 Qb4 26. Re1 Bf3 27. Qc2 Qe7 28. Ra5 Qg5 29. Rc5 Qh5 30. Nxf3 Qxf3 31. Qe2 Qf6 32. Re5 Rf7 33. f4 Rdf8 34. Kg2 Qg6 35. Rh1 h6 36. Qh5 Qc2+ 37. Kh3 Qxb3 38. c5 Qd3 39. Qg4 Rf5 40. Rxe6 R5f6 41. Re7 Rg6 42. Qf3 Qf5+ 43. Kg2 Qf6 44. Re5 Qf7 45. Rf1 Qb3 46. Qe4 Rgf6 47. Rf2 Qd1 48. Re7 R6f7 49. Qe6 Qd3 50. Rxf7 Rxf7 51. Qe8+ Rf8 52. Qe6+ Rf7 53. f5 a5 54. f6 Qg6 55. Qe8+ Kh7 56. fxg7 Rxg7 57. Qxg6+ Kxg6 58. Ra2 Kf5 59. Rxa5 Ke4 60. Kf2 Rf7+ 61. Ke2 Rf3 62. Ra3 Rxg3 63. Rb3 Rg2+ 64. Kf1 Kf3 65. e4+ Kxe4 66. Kxg2 Kxd4 67. Rxb7 Kxc5 68. Rh7 Kd4 69. Kf2 c5 70. Ke2 c4 71. Kd2 c3+ 72. Kc2 Kc4 73. Rxh6 Kd4 74. Rh4+ Ke3 75. Rh3+ Kf2 76. Rxc3 Kg2 77. Kb3 Kf2 78. Kc4 Ke2 79. Rd3 Kf2 80. Kd4 1-0


[Site "https://www.chess.com"]

[Event "Early Titled Tuesday Blitz | February 8 2022"]
[White "Martin Duque, Jesus"]
[Black "Tarhan, Adar"]
[WhiteFideId "2208954"]
[BlackFideId "34544712"]
[WhiteElo "2243"]
[BlackElo "1802"]
[Result "1-0"]
[Round "07"]
[TimeControl "180+1"]
[Date "2022.02.08"]
[WhiteClock "0:01:03"]
[BlackClock "0:00:51"]

1. d4 d5 2. c4 dxc4 3. Nf3 Nf6 4. g3 b5 5. Bg2 Bb7 6. O-O e6 7. b3 Nbd7 8. bxc4 bxc4 9. Qa4 Be7 10. Na3 O-O 11. Nxc4 Nb6 12. Qc2 Be4 13. Qc3 Nfd5 14. Qb3 Nxc4 15. Qxc4 Nb6 16. Qa6 Bxf3 17. Bxf3 Nd5 18. Ba3 Bxa3 19. Qxa3 Qf6 20. Qc5 Rad8 21. Qxa7 Nb4 22. Qxc7 Rc8 23. Qe5 Qe7 24. a4 Rfd8 25. Rac1 Rxc1 26. Rxc1 Qa7 27. a5 h6 28. e3 Nd5 29. Rc5 Nb4 30. Qc7 Ra8 31. Bxa8 Qxa8 32. Qc8+ 1-0


[Site "https://www.chess.com"]

[Event "Early Titled Tuesday Blitz | February 8 2022"]
[White "Martinez Lopez, David"]
[Black "Van den Dikkenberg, Erik"]
[WhiteFideId "22235779"]
[BlackFideId "1005880"]
[WhiteElo "2387"]
[BlackElo "2118"]
[Result "0-1"]
[Round "07"]
[TimeControl "180+1"]
[Date "2022.02.08"]
[WhiteClock "0:00:03"]
[BlackClock "0:00:14"]

1. e4 c5 2. Nf3 d6 3. d4 cxd4 4. Nxd4 Nf6 5. Nc3 a6 6. h3 e5 7. Nde2 Be7 8. g4 O-O 9. Bg2 Nc6 10. O-O Be6 11. Ng3 b5 12. Nf5 b4 13. Nd5 Bxd5 14. exd5 Nb8 15. f4 Nbd7 16. fxe5 Nxe5 17. Bg5 Rc8 18. Nxe7+ Qxe7 19. Bxf6 gxf6 20. Qd2 Qc7 21. Rf2 Qc5 22. Be4 Ng6 23. Kh1 Rfe8 24. Re1 Re5 25. Bg2 Qxc2 26. Qxc2 Rxe1+ 27. Kh2 Rxc2 28. Rxc2 Nf4 29. Bf3 Re5 30. Rd2 Kg7 31. Kg3 Ng6 32. Rd4 a5 33. h4 Re3 34. Kf2 Re8 35. h5 Ne5 36. Be2 Rc8 37. Rd2 Rc1 38. Ke3 Rh1 39. Rc2 Rh3+ 40. Kf2 Nxg4+ 41. Bxg4 Rh2+ 42. Kg3 Rxc2 0-1


[Site "https://www.chess.com"]

[Event "Early Titled Tuesday Blitz | February 8 2022"]
[White "Martirosyan, Haik M."]
[Black "Rakhmanov, Aleksandr"]
[WhiteFideId "13306553"]
[BlackFideId "4173708"]
[WhiteElo "2735"]
[BlackElo "2500"]
[Result "1-0"]
[Round "07"]
[TimeControl "180+1"]
[Date "2022.02.08"]
[WhiteClock "0:00:03"]
[BlackClock "0:00:02"]

1. c4 e5 2. Nc3 Bb4 3. g3 Bxc3 4. bxc3 Ne7 5. Bg2 O-O 6. Nf3 d6 7. O-O Nbc6 8. d3 b6 9. Nd2 Rb8 10. Bb2 f5 11. d4 Kh8 12. f4 e4 13. e3 Na5 14. Rf2 c5 15. d5 Bd7 16. a4 Ng8 17. Bf1 Nf6 18. h3 h5 19. Rg2 Kg8 20. Be2 Kf7 21. Nf1 Rh8 22. Nh2 g6 23. Bc1 Qe8 24. Bd2 Ke7 25. Be1 Kd8 26. Bf1 Kc7 27. Rb2 Qg8 28. Qe2 Bc8 29. Rb5 Ba6 30. Qf2 g5 31. fxg5 Qxg5 32. Kh1 Rbg8 33. Be2 Nd7 34. Qf1 Qxe3 35. Rb2 Ne5 36. Qxf5 Rf8 37. Qe6 Bxc4 38. Qe7+ Nd7 39. Bd2 Qxg3 40. Rg1 Qe5 41. Bg5 Qxe7 42. Bxe7 Rf7 43. Bg5 Ne5 44. Bxc4 Nexc4 45. Re2 Re8 46. Bh4 e3 47. Rg5 Re5 48. Rxe5 dxe5 49. Kg2 Kd6 50. Nf1 Kxd5 51. Bg5 Rf5 52. Bxe3 Rf7 53. h4 Ke6 54. Bg5 Rd7 55. Ng3 Rd3 56. Nxh5 Rxc3 57. Nf4+ Kf5 58. Nd5 Rd3 59. Ne7+ Ke6 60. Ng6 Rd4 61. Kg3 Nc6 62. h5 Kf5 63. Bh4 Rd3+ 64. Kf2 Nd4 65. Re1 Rd2+ 66. Kf1 Nf3 67. Ne7+ Kg4 68. h6 1-0


[Site "https://www.chess.com"]